 Dungeon Crawl Stone Soup version 0.30.0-10-gfe55d96785 (webtiles) character file.

Game seed: 9631345667275129257

632 snarfax the Cleaver (level 7, -2/57 HPs)
             Began as a Hill Orc Fighter on May 13, 2023.
             Killed from afar by a steam dragon (5 damage)
             ... with a ball of steam
             ... on level 6 of the Dungeon.
             The game lasted 00:07:21 (2643 turns).

snarfax the Cleaver (Hill Orc Fighter)              Turns: 2643, Time: 00:07:21

Health: -2/57      AC:  6    Str: 21    XL:     7   Next: 49%
Magic:  7/7        EV:  9    Int:  8    God:
Gold:   908        SH:  6    Dex: 10    Spells: 6/6 levels left

rFire   + . .        a - +2 war axe (heavy)
rCold   x . .        c - +1 buckler
rNeg    . . .        b - +0 scale mail
rPois   .            (no helmet)
rElec   .            (no cloak)
rCorr   .            (no gloves)
SInv    .            (no boots)
Will    .....        (no amulet) Stlth
                     q - ring of fire
HPRegen 0.29/turn    (no ring)
MPRegen 0.10/turn

%: no passive effects
@: mighty
A: no striking features
a: Convert to Beogh


You were on level 6 of the Dungeon.
You visited 1 branch of the dungeon, and saw 4 of its levels.

You collected 908 gold pieces.

Inventory:

Hand Weapons
 a - a +2 heavy war axe (weapon)
Missiles
 j - 5 boomerangs (quivered)
 m - 2 atropa-tipped darts
Armour
 b - a +0 scale mail (worn)
 c - a +1 buckler (worn)
Jewellery
 q - a ring of fire (left hand)
Wands
 l - a wand of flame (21)
Scrolls
 e - a scroll of blinking {unknown}
Potions
 f - a potion of degeneration {unknown}
 h - 2 potions of flight
 i - a potion of mutation {unknown}
 k - 2 potions of attraction
 t - 2 potions of brilliance {unknown}


   Skills:
 - Level 3.6 Fighting
 * Level 9.7 Axes
 - Level 3.2 Armour
 - Level 5.0 Shields


You had 6 spell levels left.
You didn't know any spells.
Your spell library contained the following spells:

 Spells                   Type           Power      Damage    Failure   Level
 Beastly Appendage        Tmut           0%         N/A       82%         1
 Wereblood                Tmut           0%         N/A       91%         2
 Dazzling Flash           Conj/Hex       0%         N/A       99%         3
 Ignite Poison            Fire/Tmut/Pois 0%         N/A       99%         3
 Spider Form              Tmut/Pois      0%         N/A       99%         3
 Volatile Blastmotes      Fire/Tloc      0%         2d10      99%         3
 Iskenderun's Mystic Bla  Conj/Tloc      0%         2d3       100%        4
 Silence                  Hex/Air        0%         N/A       100%        5
 Starburst                Conj/Fire      0%         6d3       100%        6


Dungeon Overview and Level Annotations

Branches:
Dungeon (6/15)
 Temple: D:4-7

Altars:
Dithmenos
Elyvilon
Trog

Annotations:
D:3 Ijyb


Message History

Found a ring mail.
The orc shouts!
The steam dragon hisses angrily.
The iguana hisses angrily.
You hear a shout!
The steam dragon breathes steam at you. The ball of steam hits you!!
The iguana moves out of view.
You feel more attuned to fire.
q - a ring of fire (left hand)
An orc warrior comes into view. It is wielding a +0 trident.
The orc warrior shouts!
The iguana is engulfed in a cloud of scalding steam.
You feel very mighty all of a sudden.
The orc priest calls down the wrath of Beogh upon you.
Beogh smites you!
An orc comes into view. It is wielding a +0 whip.
The orc shouts!
The orc priest threatens, "By the altar or by the axe, you will meet Beogh!"
The orc priest barely misses you.
The iguana is engulfed in a cloud of scalding steam.
The orc priest looks encouraged for a moment.
You open the orc priest like a pillowcase!!!
You kill the orc priest!
The centaur wields a +0 shortbow.
The centaur shoots an arrow.
The arrow hits you.
* * * LOW HITPOINT WARNING * * *
The iguana bites you!
* * * LOW HITPOINT WARNING * * *
The steam dragon bites you.
* * * LOW HITPOINT WARNING * * *
The steam dragon claws you.
* * * LOW HITPOINT WARNING * * *
An orc priest comes into view. It is wielding a +0 club.
You hit the steam dragon.
The steam dragon is lightly wounded.
You slash the iguana!
You kill the iguana!
The centaur shoots an arrow.
The arrow barely misses you.
The centaur shoots an arrow.
The arrow barely misses you. The steam dragon breathes steam at you.
The ball of steam hits you. You resist.
You die...

#. ## #.#. #.# ##. ..#.#
#. #### ...
.#.########.####... . ...
........ ......... .
#.##.#... ....... .
[#.#.!oc#.######.#....###.
o.o...oo)........+........
#.####§#@########....##.#
#.#D....####....##.#
#..........+........
#######.####...###).
#...†...#'## ##.
#.#.#.###.# #.
#...#.....#####.
############....
.......'....


You could see a steam dragon (catching breath), an orc warrior, a centaur, an
orc priest and 2 orcs.

Vanquished Creatures
  3 black bears (D:6)
  2 ogres (D:6)
  A bullfrog (D:6)
  An orc priest (D:6)
  2 iguanas (D:6)
  2 adders
  3 orcs (D:3)
  4 ball pythons (D:1)
  4 endoplasms
  2 giant cockroaches
  5 goblins
  4 hobgoblins
  4 jackals (D:2)
  A quokka (D:1)
  A bat (D:1)
  3 frilled lizards
  5 rats
47 creatures vanquished.

Notes
Turn   | Place    | Note
-------+----------+-------------------------------------------
     0 | D:1      | snarfax the Hill Orc Fighter began the quest for the Orb.
     0 | D:1      | Reached XP level 1. HP: 19/19 MP: 1/1
   193 | D:1      | Reached skill level 3 in Axes
   274 | D:1      | Reached XP level 2. HP: 26/26 MP: 2/2
  1217 | D:2      | Reached skill level 4 in Axes
  1218 | D:2      | Reached XP level 3. HP: 26/31 MP: 3/3
  1338 | D:2      | Found a shadowy altar of Dithmenos.
  1669 | D:2      | Got the Papyrus of Fiery Vapour
  1890 | D:2      | Identified a scroll of acquirement
  1890 | D:2      | Acquired 817 gold pieces
  1976 | D:3      | Noticed Ijyb
  1992 | D:3      | Reached XP level 4. HP: 19/39 MP: 4/4
  1999 | D:3      | You are sucked into a shaft and drop 3 floors!
  2128 | D:6      | Found a white marble altar of Elyvilon.
  2128 | D:6      | Noticed an ogre
  2135 | D:6      | Killed an ogre
  2136 | D:6      | Reached skill level 6 in Axes
  2136 | D:6      | Reached XP level 5. HP: 45/45 MP: 5/5
  2202 | D:6      | Noticed a black bear
  2233 | D:6      | Noticed a black bear
  2249 | D:6      | Killed a black bear
  2250 | D:6      | Reached skill level 7 in Axes
  2250 | D:6      | Reached skill level 5 in Shields
  2250 | D:6      | Reached XP level 6. HP: 51/51 MP: 6/6
  2254 | D:6      | Killed a black bear
  2255 | D:6      | Reached skill level 8 in Axes
  2304 | D:6      | Found a bloodstained altar of Trog.
  2307 | D:6      | Noticed a black bear
  2318 | D:6      | Killed a black bear
  2319 | D:6      | Reached XP level 7. HP: 7/57 MP: 7/7
  2555 | D:6      | Reached skill level 9 in Axes
  2632 | D:6      | Noticed a steam dragon
  2642 | D:6      | HP: 2/57 [steam dragon (2)]
  2643 | D:6      | Killed from afar by a steam dragon

Illustrated notes

Levels and vault maps discovered:
D:1:      dpeg_arrival_solitude, layout_basic, minmay_three_crescents
D:2:      layout_basic, basic_altar, minmay_misc_feat_roman,
          minmay_splitting_lines, minmay_pentomino_s2
D:3:      layout_basic, tso_oasis_becter, uniq_ijyb
D:6:      minmay_spotlight, layout_basic, regret_index_temple_of_mockery,
          zin_academy, trog_ov_bears_minmay, overflow_temple_1_default,
          amcnicky_altar_gilded, mainiacjoe_overflow_alcove_4,
          minmay_temple_entry_offerings

Skill      XL: |  1  2  3  4  5  6  7 |
---------------+----------------------+-----
Axes           | 3 4 6 7 8 9 |  9.7
Shields        | 4 5 |  5.0
Fighting       | |  3.6
Armour         | |  3.2

Action                     |  1- 3 |  4- 6 |  7- 9 || total
---------------------------+-------+-------+-------++-------
  Melee: War axe           |    86 |    21 |     8 ||   115
  Throw: Boomerang         |       |     7 |     3 ||    10
         Dart              |       |     2 |       ||     2
    Use: Scroll            |    11 |       |     1 ||    12
         Potion            |       |     3 |     1 ||     4
 Armour: Scale mail        |    39 |    13 |       ||    52
  Dodge: Dodged            |    45 |    13 |     4 ||    62
  Block: Buckler           |    29 |    11 |     1 ||    41
